 Dungeon Crawl Stone Soup version 0.13.0-11-g0187522 (webtiles) character file.

799 Malachi the Ruffian (level 7, -1/57 HPs)
             Began as a Centaur Monk on Oct 18, 2013.
             Slain by a scorpion (4 damage)
             ... while paralysed by a giant eyeball
             ... on Level 6 of the Dungeon.
             The game lasted 00:09:25 (4881 turns).

Malachi the Ruffian (Centaur Monk)                  Turns: 4881, Time: 00:09:26

HP  -1/57        AC  5     Str 14      XL: 7   Next: 23%
MP  13/13        EV  1     Int 10      God:
Gold 172         SH  0     Dex 12      Spells:  0 memorised,  6 levels left

Res.Fire  : . . .   See Invis. : .     - Unarmed
Res.Cold  : . . .   Warding    : .   r - +0 leather armour
Life Prot.: . . .   Conserve   : .   (no shield)
Res.Poison: +       Res.Corr.  : .   (no helmet)
Res.Elec. : .       Clarity    : .   (no cloak)
Sust.Abil.: . .     Spirit.Shd : .   d - +0 pair of gloves
Res.Mut.  : .       Stasis     : .   (no barding)
Res.Rott. : .       Flight     : .   (no amulet)
Saprovore : . . .                    g - ring "Zeni" {Wiz rPois}
                                     m - ring of magical power

@: paralysed, very quick, slightly resistant to hostile enchantments, very
unstealthy
A: hooves 3, deformed body, herbivore 1, speed 2, fast metabolism 1, tough skin
3
a: no special abilities


You were on level 6 of the Dungeon.
You were hungry.

You visited 1 branch of the dungeon, and saw 7 of its levels.

You collected 172 gold pieces.

Inventory:

Missiles
 f - 19 poisoned needles (quivered)
 k - 15 sling bullets
Armour
 a - a +0 robe
 d - a +0 pair of gloves (worn)
 p - a +0 pair of gloves
 r - a +0 leather armour (worn)
Comestibles
 b - 6 bread rations
 h - 3 rotting chunks of black bear flesh
Scrolls
 c - a scroll of enchant weapon II
 i - a scroll of noise
 l - 2 scrolls of random uselessness
 n - 2 scrolls of magic mapping
 t - 3 scrolls of enchant armour {unknown}
Jewellery
 g - the ring "Zeni" (right hand) {Wiz rPois}
   (You found it on level 6 of the Dungeon)

   [ring of wizardry]

   It protects you from poison.
 m - a ring of magical power (left hand)
 o - an uncursed ring of ice
 u - an uncursed ring of wizardry
Potions
 v - a potion of curing
 w - a potion of restore abilities {unknown}
 z - a potion of agility {unknown}
Books
 s - a book of Spatial Translocations

   Spells                             Type                      Level
   Apportation                        Translocation                1
   Portal Projectile                  Translocation                2
   Blink                              Translocation                2
   Shroud of Golubria                 Charms/Translocation         2
   Teleport Other                     Translocation                3
   Passage of Golubria                Translocation                4


   Skills:
 + Level 4.1 Fighting
 - Level 1.9 Armour
 + Level 3.5 Dodging
 - Level 1.2 Stealth
 * Level 6.8 Unarmed Combat


You had 6 spell levels left.
You didn't know any spells.

Dungeon Overview and Level Annotations

Branches:
Dungeon (7/27)
 Temple: D:4-7          Orc: D:6-11

Altars:

Annotations:
D:3 ark's ghost, average HOGl
D:6 Pikel


Innate Abilities, Weirdness & Mutations

You have hooves in place of feet.
Armour fits poorly on your strangely shaped body.
You digest meat inefficiently.
You cover ground very quickly.
You have a fast metabolism.
You have extremely tough skin (AC +3).


Message History

* * * LOW HITPOINT WARNING * * *
You can move again.
Unknown command.
Drink which item? (? for menu, Esc to quit)
You feel better. The worker ant barely misses you. The scorpion misses you.
You hit the worker ant.
The worker ant is heavily wounded.
The worker ant closely misses you. The scorpion closely misses you.
You hit the worker ant.
The worker ant is almost dead.
The worker ant bites you but does no damage.
You hit the worker ant but do no damage.
You kick the worker ant.
You kill the worker ant!
The scorpion closely misses you. The giant eyeball stares at you.
You suddenly lose the ability to move!
The scorpion stings you!
* * * LOW HITPOINT WARNING * * *
The scorpion stings you.
You die...

**,* #.# #######+##
##@###### # #........#
#.......# ### #........#
#.K.....###.. #........#
#.......#...# #........#
####z......'.###
#........#
###G@@.......###
#........###.sK##.......#
#..>.....'..@#####'######
#........##### #..#
*#####+### ##.# * *,* #.#
* *,* #.# ** *,*
*#+#***** *, *,*
*,,,,<,,***, *,*
*,,,,,,,+,', *,**
*,,,,,,,***,


You could see Pikel, 2 slaves, a giant eyeball, a scorpion and a goliath beetle
zombie.

Vanquished Creatures
  2 black bears (D:6)
  An ice beast (D:6)
  A hippogriff zombie (D:6)
  A hound (D:6)
  A crimson imp (D:6)
  A giant frog skeleton (D:6)
  4 worker ants
  6 adders
  A giant mite (D:4)
  3 worms
  2 giant geckos
  An ooze (D:1)
  An orc (D:3)
  2 ball pythons (D:2)
  13 goblins
  7 hobgoblins
  2 jackals (D:6)
  3 bats
  A giant cockroach (D:3)
  3 giant newts
  6 kobolds
  6 rats
68 creatures vanquished.

Vanquished Creatures (others)
  An orc wizard (D:5)
  An adder (D:5)
  A rat (D:5)
3 creatures vanquished.

Grand Total: 71 creatures vanquished

Notes
Turn   | Place    | Note
--------------------------------------------------------------
     0 | D:1      | Malachi, the Centaur Monk, began the quest for the Orb.
     0 | D:1      | Reached XP level 1. HP: 17/17 MP: 0/0
   284 | D:1      | Reached XP level 2. HP: 16/24 MP: 1/1
  1008 | D:2      | Reached XP level 3. HP: 21/30 MP: 2/2
  1490 | D:2      | Reached skill level 5 in Unarmed Combat
  1755 | D:2      | Reached XP level 4. HP: 33/37 MP: 2/2
  2051 | D:3      | Noticed ark's ghost (average HOGl)
  2939 | D:4      | Noticed an ogre
  2948 | D:3      | Reached XP level 5. HP: 26/44 MP: 3/3
  3153 | D:5      | Entered Level 5 of the Dungeon
  3618 | D:6      | Noticed an ice beast
  3899 | D:6      | Killed an ice beast
  3899 | D:6      | Reached skill level 1 in Armour
  3913 | D:6      | Got a brightly glowing brass ring
  3925 | D:6      | Identified the ring "Zeni" {Wiz rPois} (You found it on level 6 of the Dungeon)
  4029 | D:6      | Noticed a black bear
  4040 | D:6      | Killed a black bear
  4040 | D:6      | Reached skill level 6 in Unarmed Combat
  4040 | D:6      | Reached XP level 6. HP: 22/50 MP: 4/4
  4463 | D:6      | Noticed a black bear
  4471 | D:6      | Killed a black bear
  4475 | D:6      | Reached XP level 7. HP: 38/57 MP: 4/4
  4768 | D:6      | Noticed a slave
  4770 | D:6      | Noticed Pikel
  4771 | D:6      | Noticed a slave
  4793 | D:6      | Noticed a slave
  4795 | D:6      | Noticed a slave
  4862 | D:6      | Paralysed by a giant eyeball for 2 turns
  4871 | D:6      | Paralysed by a giant eyeball for 4 turns
  4879 | D:6      | Paralysed by a giant eyeball for 2 turns
  4881 | D:6      | Slain by a scorpion

Action                   |  1- 3 |  4- 6 |  7- 9 || total
-------------------------+-------+-------+-------++-------
Melee: Unarmed           |   106 |   131 |    36 ||   273
Throw: Dart              |       |       |     4 ||     4
  Use: Potion            |     4 |       |     1 ||     5
       Scroll            |       |    12 |       ||    12
